cohdb
Replays
Latest Replays
All Replays
Popular Replays
Top Player Replays
Match Explorer
How It Works
Community
CoH3 Stats
Reddit
Sign in to upload your games and track your stats! →
Sign in with Steam
Match 44572510
Unlisted
Match 44572510
Overview
Messages
Build Orders
End
Kradschützen Motorcycle Team
Selects Armored Support Battlegroup
Panzergrenadier Squad
250 Light Carrier
Construct Light Support Kompanie
Combat Half-tracks
250 Light Carrier
Panzerjäger Squad
Selects Superior Fire Drills
Selects Salvage Kits
Assault Mechanized Group
Construct Mechanized Kompanie
Kradschützen Motorcycle Team
Cooter McGavin
Legionary
0
0
Comments
sign in to comment!
No comments posted yet!